 Dungeon Crawl Stone Soup version 0.29-a0-841-g116ddc6ace (webtiles) character file.

Game seed: 14014534828371091030

79 IdlyInterested the Trooper (level 4, -3/35 HPs)
             Began as a Demonspawn Fighter on July 14, 2022.
             Killed by nerve-wracking pain
             ... invoked by Grinder
              (13 damage)
             ... on level 3 of the Dungeon.
             The game lasted 00:06:15 (2124 turns).

IdlyInterested the Trooper (Demonspawn Fighter)     Turns: 2124, Time: 00:06:16

Health: -3/35      AC: 13    Str: 17    XL:     4   Next: 16%
Magic:  5/5        EV:  7    Int:  9    God:
Gold:   108        SH:  4    Dex: 14    Spells: 5/5 levels left

rFire   . . .      SeeInvis .   a - +0 long sword
rCold   . . .      Faith    .   c - +0 buckler
rNeg    . . .      Spirit   .   o - +0 chain mail
rPois   .          Reflect  .   (no helmet)
rElec   .          Harm     .   i - +0 cloak
rCorr   .          Rampage  .   (no gloves)
Will    .....                   f - +2 pair of boots
Stlth   ..........              (no amulet)
HPRegen 0.11/turn               (no ring)
MPRegen 0.09/turn               (no ring)

@: mighty
A: hooves 1, powered by pain 2
a: no special abilities


You were on level 3 of the Dungeon.
You visited 1 branch of the dungeon, and saw 3 of its levels.

You collected 108 gold pieces.

Inventory:

Hand Weapons
 a - a +0 long sword (weapon)
 j - a +0 short sword
Armour
 b - a +0 scale mail
 c - a +0 buckler (worn)
 f - a +2 pair of boots (worn)
 i - a +0 cloak (worn)
 o - a +0 chain mail (worn)
Scrolls
 e - 3 scrolls of amnesia {unknown}
 k - a scroll of identify {unknown}
 n - a scroll of enchant weapon {unknown}
 p - a scroll of brand weapon {unknown}
 r - a scroll of blinking {unknown}
Potions
 d - a potion of might
 g - a potion of berserk rage {unknown}
 h - 2 potions of attraction
 l - a potion of resistance {unknown}
 m - a potion of curing
 q - a potion of heal wounds {unknown}


   Skills:
 - Level 3.0 Fighting
 + Level 2.4 Long Blades
 - Level 1.0 Throwing
 - Level 2.6 Armour
 + Level 1.5 Dodging
 - Level 1.0 Stealth
 - Level 2.6 Shields
 - Level 1.0 Spellcasting
 - Level 1.0 Invocations
 - Level 1.0 Evocations


You had 5 spell levels left.
You didn't know any spells.
Your spell library was empty.

Dungeon Overview and Level Annotations

Branches:
Dungeon (3/15)

Altars:
Gozag

Annotations:
D:3 Grinder


Innate Abilities, Weirdness & Mutations

You have large cloven feet.
You sometimes gain power by taking damage.


Message History

Grinder gestures at you.
You suddenly lose the ability to move!
The rat twitches its whiskers.
The rat bites you but does no damage. Grinder hits you but does no damage.
The rat bites you but does no damage. Grinder gestures at you.
Pain shoots through your body! The rat bites you but does no damage.
Grinder hits you but does no damage. The rat barely misses you.
Grinder hits you. The rat bites you. The orc hits you but does no damage.
You can move again.
You feel very mighty all of a sudden. Grinder hits you but does no damage.
The rat bites you but does no damage. The orc barely misses you.
You barely miss Grinder.
Grinder is lightly wounded.
The orc barely misses you. The rat barely misses you. Grinder gestures at you.
You resist with significant effort.
You slash Grinder!
Grinder is heavily wounded.
Grinder hits you.
You writhe in agony.
* * * LOW HITPOINT WARNING * * *
You block the rat's attack. The orc closely misses you.
You completely miss Grinder.
Grinder is heavily wounded.
Grinder blinks!
The rat bites you but does no damage. The orc hits you but does no damage.
You block the orc's attack.
Grinder blinks!
The rat bites you but does no damage.
You hit the orc.
The orc is almost dead.
The rat bites you but does no damage. You block the orc's attack.
You hit Grinder.
Grinder is heavily wounded.
You block Grinder's attack. The orc hits you but does no damage.
The rat barely misses you.
You slash Grinder!
Grinder is almost dead.
Grinder gestures at you. Pain shoots through your body!
You die...

###########
#(........##.
#..........).
#.........#
#.....o...#
#...†@....#
..#
#...r5....#
#.#
#.........#
#.#
#.........#
#.#
#####.#####
#.# . #.# #.#
.. #.# #.#
#.. #.#
#<####...
#.##...#


You could see Grinder, an orc and a rat.

Vanquished Creatures
  2 adders
  A dart slug (D:2)
  An orc (D:3)
  5 ball pythons
  6 endoplasms
  A giant cockroach (D:2)
  2 goblins
  5 hobgoblins
  8 jackals
  A quokka (D:1)
  3 bats
  4 frilled lizards
  7 kobolds
  8 rats
54 creatures vanquished.

Notes
Turn   | Place    | Note
-------+----------+-------------------------------------------
     0 | D:1      | IdlyInterested the Demonspawn Fighter began the quest for
                  | the Orb.
     0 | D:1      | Reached XP level 1. HP: 18/18 MP: 1/1
   263 | D:1      | Reached skill level 1 in Stealth
   287 | D:1      | Gained mutation: You sometimes gain a little power by
                  | taking damage. [demonic ancestry]
   287 | D:1      | Reached XP level 2. HP: 24/24 MP: 2/2
   414 | D:1      | Found a faded altar of an unknown god.
   450 | D:1      | Reached skill level 1 in Spellcasting
   509 | D:1      | Reached skill level 1 in Dodging
   976 | D:1      | Found an opulent altar of Gozag.
  1002 | D:2      | Gained mutation: You sometimes gain power by taking damage.
                  | [demonic ancestry]
  1002 | D:2      | Reached XP level 3. HP: 29/29 MP: 4/4
  1160 | D:2      | Reached skill level 1 in Invocations
  1458 | D:2      | Reached skill level 1 in Throwing
  1974 | D:3      | Reached skill level 1 in Evocations
  1974 | D:3      | Gained mutation: You have large cloven feet. [demonic
                  | ancestry]
  1974 | D:3      | Reached XP level 4. HP: 35/35 MP: 5/5
  2106 | D:3      | Noticed Grinder
  2108 | D:3      | Paralysed by Grinder for 3 turns
  2113 | D:3      | Paralysed by Grinder for 5 turns
  2124 | D:3      | Killed from afar by Grinder

Illustrated notes

Levels and vault maps discovered:
D:1:      dpeg_arrival_lava_altar, layout_loops_ring, basic_ecumenical_altar
D:2:      layout_basic
D:3:      layout_rooms, uniq_grinder

Skill      XL: |  1  2  3 |
---------------+----------+-----
Stealth        | 1 |  1.0
Long Blades    | 2 |  2.4
Spellcasting   | 1 |  1.0
Dodging        | 1 |  1.5
Invocations    | 1 |  1.0
Throwing       | 1 |  1.0
Evocations     | 1 |  1.0
Fighting       | |  3.0
Armour         | |  2.6
Shields        | |  2.6

Action                   |  1- 3 |  4- 6 || total
-------------------------+-------+-------++-------
Melee: Long sword        |   140 |    21 ||   161
  Use: Scroll            |     3 |       ||     3
       Potion            |     2 |     2 ||     4
Armor: Scale mail        |    84 |       ||    84
       Chain mail        |     7 |    30 ||    37
Dodge: Dodged            |    66 |    13 ||    79
Block: Buckler           |    37 |     7 ||    44

Table legend: (Time is in decaauts)
 A = Elapsed time spent in this place.
 B = Non-inter-level travel time spent in this place.
 C = Inter-level travel time spent in this place.
 D = Time resting spent in this place.
 E = Time spent auto-exploring this place.
 F = Levels seen in this place.
 G = Mean time per level.
                   A        B        C        D        E       F      G
               +--------+--------+--------+--------+--------+-----+--------+
         Total |   2178 |   1982 |    196 |    176 |   1222 |   3 |  726.0 |
       Dungeon |   2178 |   1982 |    196 |    176 |   1222 |   3 |  726.0 |
               +--------+--------+--------+--------+--------+-----+--------+

Top non-repeatable levels by time:
     D:1: 1096 daAuts
     D:2: 993 daAuts
     D:3: 88 daAuts
